 Dungeon Crawl Stone Soup version 0.31-a0-876-gfe8ebadbca (webtiles) character file.

Game seed: 5913837700704851298

80 IndexError the Digger (level 4, 0/24 HPs)
             Began as a Gargoyle Earth Elementalist on Oct 13, 2023.
             Was a Believer of Ru.
             Slain by a gnoll
             ... wielding a +0 halberd
              (8 damage)
             ... on level 3 of the Dungeon.
             The game lasted 00:02:51 (2234 turns).

IndexError the Digger (Gargoyle Earth Elementalist) Turns: 2234, Time: 00:02:52

Health: 0/24       AC:  5    Str: 12    XL:     4   Next: 39%
Magic:  1/8        EV: 11    Int: 17    God:    Ru [**....]
Gold:   48         SH:  0    Dex: 10    Spells: 8/9 levels left

rFire   . . .        m - +1 short sword (venom)
rCold   + . .        (no shield)
rNeg    + . .        a - +0 robe
rPois   ∞            (no helmet)
rElec   +            (no cloak)
rCorr   .            (no gloves)
SInv    .            (no boots)
Will    .....        (no amulet)
Stlth   ++           i - +4 ring of slaying
HPRegen 0.24/turn    l - ring of protection from cold {rC+, !d}
MPRegen 0.11/turn

%: no passive effects
@: no status effects
A: sickness immunity, AC +3, negative energy resistance 1, electricity
resistance, torment resistance 1, petrification resistance, inability to use
devices
a: Renounce Religion


You were on level 3 of the Dungeon.
You worshipped Ru.
Ru was pleased with you.
You visited 1 branch of the dungeon, and saw 3 of its levels.

You collected 48 gold pieces.

Inventory:

Hand Weapons
 h - a +0 dagger of speed
   (You took it off a goblin on level 2 of the Dungeon)
 m - a +1 short sword of venom (weapon)
   (You took it off a kobold on level 2 of the Dungeon)
Missiles
 n - 3 javelins
Armour
 a - a +0 robe (worn)
Jewellery
 i - a +4 ring of slaying (left hand)
   (You found it on level 2 of the Dungeon)
 l - a ring of protection from cold (right hand) {rC+, !d}
   (You found it on level 2 of the Dungeon)
Scrolls
 c - a scroll of poison {unknown}
 e - a scroll of amnesia {unknown}
 f - a scroll of identify {unknown}
 k - a scroll of immolation {unknown}
Potions
 b - a potion of magic
 d - a potion of might {unknown}
 g - a potion of attraction {unknown}
 j - a potion of ambrosia {unknown}


   Skills:
 - Level 1.5 Dodging
 - Level 2.1 Stealth
 + Level 3.2 Spellcasting
 - Level 0.7 Transmutations
 + Level 5.0 Earth Magic


You had 8 spell levels left.
You knew the following spells:

 Your Spells              Type           Power      Damage    Failure   Level
a - Sandblast             Erth           40%        2d10      2%          1

Your spell library contained the following spells:

 Spells                   Type           Power      Damage    Failure   Level
 Passwall                 Tmut/Erth      10%        N/A       8%          2
 Wereblood                Tmut           5%         N/A       19%         2
 Stone Arrow              Conj/Erth      22%        3d8       19%         3
 Ensorcelled Hibernation  Hex/Ice        4%         N/A       26%         2
 Jinxbite                 Hex            4%         N/A       26%         2
 Petrify                  Tmut/Erth      12%        N/A       45%         4
 Brom's Barrelling Bould  Conj/Erth      11%        2d3       52%         4
 Anguish                  Hex/Necr       1%         N/A       86%         4
 Dispel Undead            Necr           2%         3d7       86%         4
 Death Channel            Necr           1%         N/A       100%        6
 Summon Hydra             Summ           1%         N/A       100%        7
 Cigotuvi's Dreadful Rot  Necr/Pois/Air  Unusable   N/A       N/A         2
 Sublimation of Blood     Necr           Unusable   N/A       N/A         2

Dungeon Overview and Level Annotations

Branches:
Dungeon (3/15)

Altars:
Ru

Annotations:
D:3 1 transporter


Innate Abilities, Weirdness & Mutations

You are immune to sickness and miasma.
Your stone body is resilient. (AC +3)
You are immune to poison.
You resist negative energy. (rN+)
You are resistant to electric shocks. (rElec)
You are resistant to unholy torment.
You are immune to petrification.
You cannot study or use magical devices.


Message History

There is a stone staircase leading up here.
You climb upwards.
There is a stone staircase leading down here.
There is an open door here.
There is a stone staircase leading down here.
You climb downwards.
There is a stone staircase leading up here.
A goblin comes into view. It is wielding a +0 dagger.
A goblin is nearby!
A goblin is nearby!
A rat comes into view.
The blast of sand hits the goblin.
You now have 6/7 mp.
The blast of sand hits the rat.
The goblin misses you.
You now have 5/7 mp.
The blast of sand hits the goblin!!
You now have 4/7 mp.
You can't see any susceptible monsters within range! (Use Z to cast anyway.) Magic restored.
You see here a +0 dagger.
A quokka comes into view.
MP restored: 7 A quokka is nearby!
A quokka is nearby!
You miscast Sandblast.
You are very lightly contaminated with residual magic.
Nothing appears to happen.
You now have 6/7 mp.
The blast of sand hits the quokka!
You have reached level 4!
You feel stronger.
Health restored: 24 You now have 5/8 mp.
You can't see any susceptible monsters within range! (Use Z to cast anyway.)
You can't see any susceptible monsters within range! (Use Z to cast anyway.)
Your magical contamination has completely faded away.
The shadow imp shouts, "Get thee gone, thou lumpish ill-breeding brigand!"
The shadow imp shouts, "Return whence thou came, thou bootless toot-wallowing beggar!"
You see here a quokka corpse.
The orc priest shouts!
You hear a shout!
n - 3 javelins You see here a quokka corpse.
An endoplasm comes into view.
MP restored: 8 An endoplasm is nearby!
An endoplasm is nearby!
An endoplasm is nearby!
You can't see any susceptible monsters within range! (Use Z to cast anyway.)
You can't see any susceptible monsters within range! (Use Z to cast anyway.)
The blast of sand hits the endoplasm!!
You now have 7/8 mp.
You can't see any susceptible monsters within range! (Use Z to cast anyway.)
You can't see any susceptible monsters within range! (Use Z to cast anyway.)
A gnoll comes into view. It is wielding a +0 club.
The gnoll shouts!
A gnoll comes into view. It is wielding a +0 halberd.
MP restored: 8
There are monsters nearby!
There are monsters nearby!
You miscast Sandblast.
You are very lightly contaminated with residual magic.
Nothing appears to happen.
The gnoll shouts!
You now have 7/8 mp.
The blast of sand hits the gnoll!
A gnoll comes into view. It is wielding a +0 halberd.
You now have 6/8 mp.
The blast of sand hits the gnoll!
The gnoll shouts!
You now have 5/8 mp.
The blast of sand hits the gnoll!
The gnoll closely misses you. x2
You now have 4/8 mp.
The blast of sand hits the gnoll.
The gnoll hits you from afar with a +0 halberd.
Your magical contamination has completely faded away.
You take 5 damage, and have 19/24 hp.
MASSIVE DAMAGE!!
You now have 3/8 mp.
The blast of sand hits the gnoll.
The gnoll hits you from afar with a +0 halberd!
Your Earth Magic skill increases to level 5!
You take 9 damage, and have 10/24 hp.
MASSIVE DAMAGE!!
You now have 2/8 mp.
You are too injured to fight recklessly!
You are too injured to fight recklessly!
You are too injured to fight recklessly!
You are too injured to fight recklessly!
Casting: Sandblast (safe; 2% risk of failure)
Confirm with . or Enter, or press ? or * to list all spells.
Aiming: Sandblast (safe; 2% risk of failure)
Press: ? - help, Shift-Dir - straight line, f - gnoll
Aim: a gnoll, wielding a +0 halberd (85% to hit)
The blast of sand hits the gnoll but does no damage.
The gnoll hits you from afar with a +0 halberd.
* * * LOW HITPOINT WARNING * * *
You take 3 damage, and have 7/24 hp.
Casting: Sandblast (safe; 2% risk of failure)
Confirm with . or Enter, or press ? or * to list all spells.
Aiming: Sandblast (safe; 2% risk of failure)
Press: ? - help, Shift-Dir - straight line, f/p - gnoll
Aim: a gnoll, wielding a +0 halberd (85% to hit)
The blast of sand hits the gnoll.
The gnoll barely misses you.
The gnoll hits you from afar with a +0 halberd!
You die...

#.##############
.....g)@.......#
#.########..##.#
#.......#.#
#.###...#.#
#.....# ##..###
#..#####
#......#
########.###.#


You could see a gnoll.

Vanquished Creatures
  2 gnolls (D:3)
  An adder (D:2)
  4 bats
  3 endoplasms
  2 giant cockroaches
  4 goblins
  4 hobgoblins
  11 jackals
  3 quokkas
  2 ball pythons
  5 kobolds
  3 rats
44 creatures vanquished.

Notes
Turn   | Place    | Note
-------+----------+-------------------------------------------
     0 | D:1      | IndexError the Gargoyle Earth Elementalist began the quest
                  | for the Orb.
     0 | D:1      | Reached XP level 1. HP: 10/10 MP: 3/3
   190 | D:1      | Found a faded altar of an unknown god.
   201 | D:1      | Prayed at the altar of an unknown god.
   201 | D:1      | Became a worshipper of Ru the Awakened
   240 | D:1      | Gained mutation: You cannot study or use magical devices.
                  | [Ru sacrifice]
   240 | D:1      | Reached * piety under Ru
   240 | D:1      | Reached ** piety under Ru
   541 | D:1      | Reached skill level 4 in Earth Magic
   541 | D:1      | Reached XP level 2. HP: 15/15 MP: 3/5
  1150 | D:1      | Reached XP level 3. HP: 15/19 MP: 0/6
  1967 | D:2      | Reached skill level 3 in Spellcasting
  2138 | D:3      | Reached XP level 4. HP: 24/24 MP: 5/8
  2170 | D:3      | Found a transporter.
  2233 | D:3      | Reached skill level 5 in Earth Magic
  2234 | D:3      | Slain by a gnoll

Illustrated notes

Levels and vault maps discovered:
D:1:      zelgadis_glass_arrival_small, layout_loops_ring,
          basic_ecumenical_altar
D:2:      layout_basic
D:3:      gammafunk_wand_slinger, layout_loops_ring, minivault_4, uniq_jessica,
          uniq_natasha, uniq_crazy_yiuf_cottage

Skill      XL: |  1  2  3  4 |
---------------+-------------+-----
Earth Magic    | 4 5 |  5.0
Spellcasting   | 3 |  3.2
Dodging        | |  1.5
Stealth        | |  2.1
Transmutations | |  0.7

Action                     |  1- 3 |  4- 6 || total
---------------------------+-------+-------++-------
  Melee: Dagger            |    50 |       ||    50
   Cast: Sandblast         |    60 |     8 ||    68
 Invoke: Sacrifice Artific |     1 |       ||     1
 Armour: Robe              |    71 |     4 ||    75
  Dodge: Dodged            |    92 |     3 ||    95

Table legend: (Time is in decaauts)
 A = Elapsed time spent in this place.
 B = Non-inter-level travel time spent in this place.
 C = Inter-level travel time spent in this place.
 D = Time resting spent in this place.
 E = Time spent auto-exploring this place.
 F = Levels seen in this place.
 G = Mean time per level.
                   A        B        C        D        E       F      G
               +--------+--------+--------+--------+--------+-----+--------+
         Total |   2267 |   2004 |    263 |      0 |   1709 |   3 |  755.7 |
       Dungeon |   2267 |   2004 |    263 |      0 |   1709 |   3 |  755.7 |
               +--------+--------+--------+--------+--------+-----+--------+

Top non-repeatable levels by time:
     D:1: 1082 daAuts
     D:2: 983 daAuts
     D:3: 201 daAuts

Levels and vault maps discovered:
D:1:      zelgadis_glass_arrival_small, layout_loops_ring,
          basic_ecumenical_altar
D:2:      layout_basic
D:3:      gammafunk_wand_slinger, layout_loops_ring, minivault_4, uniq_jessica,
          uniq_natasha, uniq_crazy_yiuf_cottage

Table legend: (Time is in decaauts)
 A = Elapsed time spent in this place.
 B = Non-inter-level travel time spent in this place.
 C = Inter-level travel time spent in this place.
 D = Time resting spent in this place.
 E = Time spent auto-exploring this place.
 F = Levels seen in this place.
 G = Mean time per level.
                   A        B        C        D        E       F      G
               +--------+--------+--------+--------+--------+-----+--------+
         Total |   2267 |   2004 |    263 |      0 |   1709 |   3 |  755.7 |
       Dungeon |   2267 |   2004 |    263 |      0 |   1709 |   3 |  755.7 |
               +--------+--------+--------+--------+--------+-----+--------+

Top non-repeatable levels by time:
     D:1: 1082 daAuts
     D:2: 983 daAuts
     D:3: 201 daAuts

Table legend:
 A = Kills in this place as a percentage of kills in the entire game.
 B = Kills by you in this place as a percentage of kills by you in the entire game.
 C = Kills by friends in this place as a percentage of kills by friends in the entire game.
 D = Other kills in this place as a percentage of other kills in the entire game.
 E = Experience gained in this place as a percentage of experience gained in the entire game.
 F = Experience gained in this place divided by the number of levels of this place that you have seen.
                   A       B       C       D       E      F
               +-------+-------+-------+-------+-------+----------------------
         Total | 100.0 | 100.0 |   N/A |   N/A | 100.0 |  38.3
       Dungeon | 100.0 | 100.0 |   N/A |   N/A | 100.0 |  38.3
               +-------+-------+-------+-------+-------+----------------------
